woodfighter, neutral female scurrid Tourist ----------- |.........| |.........| |.........-# ----.------# ## # -------- # ##### |......| ########### # ---......--- #--.---- # |...........####|.....-- # a |...^......|####...<...| ### @ |..>........####|%.....| # # |..........| ##.......| ### # ------------ --.*...| # ----------.----- ------- ##...............| |..............| |..............| ---------------- woodfighter the Sightseer Experience level: 4 Strength: 13 Dexterity: 12 Constitution: 13 Intelligence: 12 Wisdom: 9 Charisma: 15 Health: 0(19) Energy: 10(10) Def: 0 Gold: 324 Moves: 1475 Dungeon seed: asqw17O3d08E4yqn Game ID: woodfighter_1517518347 Your Inventory: Coins $ - 324 gold pieces Weapons a - 40 +2 darts (in quiver) u - 7 cursed +0 darts Armor e - an uncursed +0 Hawaiian shirt (being worn) q - an uncursed +0 dwarvish cloak Comestibles b - 6 uncursed food rations d - an uncursed fortune cookie f - 3 uncursed chestnuts g - an uncursed pancake p - an uncursed lichen corpse B - an uncursed tripe ration Potions S - a blessed potion of blindness Wands m - a blessed wand of secret door detection (0:13) J - a wand of speed monster (0:6) W - a wand of enlightenment (0:14) Tools k - an expensive camera (0:49) n - an uncursed towel s - an uncursed sack y - an uncursed credit card I - a cursed magic lamp Contents of the sack: 90 gold pieces a [uncursed] scroll of destroy armor 7 [uncursed] scrolls of enchant weapon 8 [uncursed] scrolls of identify a blessed scroll of magic mapping 3 uncursed scrolls of magic mapping 3 [uncursed] scrolls of remove curse a [cursed] scroll of remove curse 2 [uncursed] scrolls of scare monster a [uncursed] scroll of scare monster a [uncursed] spellbook of cause fear a [uncursed] spellbook of healing 2 uncursed potions of extra healing a [uncursed] potion of gain ability a [uncursed] potion of speed Spells and supernatural/magical abilities: Name Level Category Fail Memory W - pray for help -- divine ? -- Your skills at the end: Miscellaneous Skills wands [Basic] Weapon Skills dart [Basic] Spellcasting Skills Final Attributes: You were devoutly aligned. You had infravision. You were very stealthy. You aggravated monsters. You were unlucky. You are dead. Vanquished creatures: a kitten an orc zombie a gas spore 2 hobbits an acid blob 2 large kobolds a gecko 2 yellow molds a green mold 4 jackals a fox 5 newts 2 goblins a sewer rat 7 grid bugs 4 lichens 36 creatures vanquished. Voluntary challenges: You did not adorn yourself with jewelry or accessories. You did not cause conflict. You were not invisible. You did not have reflection. You were not displaced. You never hit with a wielded weapon. You did not apply a unicorn horn. You did not use plumbed fixtures. You did not drink any magical draughts. You were illiterate. You never genocided any monsters. You never polymorphed an object. You never changed form. You used no wishes. You never split a pudding. You never wrote Elbereth's name. You never violated your personal moral code. Dungeon overview: The Dungeons of Doom: levels 1 to 6 Level 1 some fountains a long staircase Level 2 a scroll shop, a fountain Level 3 ( ) a fountain stairs to The Gnomish Mines Level 4 a scroll shop, a fountain Level 5 <- You were here Level 6 The Gnomish Mines: Level 4 stairs to The Dungeons of Doom History has recorded: On T:1 you entered the Dungeons of Doom to retrieve the Amulet of Yendor! On T:205 you reached level 2 of The Dungeons of Doom. On T:485 you reached level 3 of The Dungeons of Doom. On T:690 you advanced to experience level 2. On T:717 you reached level 4 of The Dungeons of Doom. On T:830 you reached level 1 of The Gnomish Mines. On T:856 you advanced to experience level 3. On T:1158 you advanced to experience level 4. On T:1318 you reached level 5 of The Dungeons of Doom. On T:1374 you reached level 6 of The Dungeons of Doom. On T:1474 you prayed to The Lady. Score breakdown: Gold: 0 ( 0 points) Experience: 4 levels ( 300 points) Exploration: 6 levels ( 150 points) Discoveries: 15 items ( 750 points) Variety of kills: 16 monsters ( 800 points) Major goal: (nothing yet) ( 0 points) Survival: died (score multiplied by 3) Total score: 6000 Latest messages: a - a +2 dart (in quiver). W - a tin wand. You start chewing a hole in the rock. You continue digging. You continue chewing on the rock. You break through a secret door! $ - 134 gold pieces. You stop exploring. The dart hits the giant ant! The giant ant bites! The dart misses the giant ant. The giant ant bites! The dart misses the giant ant. The giant ant bites! The dart misses the giant ant. The giant ant bites! (2x) The dart hits the giant ant! The giant ant bites! You begin praying to The Lady. The giant ant bites! You die... Final status: Aloha woodfighter the Tourist, killed by a giant ant, while praying... You died in The Dungeons of Doom on dungeon level 5 with 6000 points, and 414 pieces of gold, after 1475 moves. You were level 4 with a maximum of 19 hit points when you died.